 Dungeon Crawl Stone Soup version 0.29.0-4-gdea44cf6ec (webtiles) character file.

Game seed: 3517905770032157345

2648 qw the Grappler (level 9, 0/84 HPs)
             Began as a Troll Cinder Acolyte on Aug 31, 2022.
             Was a Believer of Ignis.
             Succumbed to an orc wizard's poison
             ... on level 7 of the Dungeon.
             The game lasted 00:03:34 (5069 turns).

qw the Grappler (Troll Cinder Acolyte)              Turns: 5069, Time: 00:03:35

Health: 0/84       AC: 13    Str: 26    XL:     9   Next: 36%
Magic:  1/9        EV:  9    Int: 10    God:    Ignis [**....]
Gold:   123        SH:  0    Dex:  5    Spells: 10/10 levels left

rFire   + + +      SeeInvis .     - Unarmed
rCold   + + .      Faith    .   (no shield)
rNeg    . . .      Spirit   +   m - +2 robe {Will+}
rPois   .          Reflect  .   (helmet restricted)
rElec   .          Harm     .   e - scarf {rC+ rF+}
rCorr   .          Rampage  .   (gloves unavailable)
Will    +....                   (boots unavailable)
Stlth   +.........              d - amulet of guardian spirit
HPRegen 1.04/turn               b - ring of protection from cold
MPRegen 0.11/turn               (no ring)

@: lethally poisoned (0 -> -3), fiery-armoured
A: large, unfitting armour, claws 3, regeneration 1, shaggy fur 1, tough skin 1,
fire resistance 1, weak 1
a: Renounce Religion, Fiery Armour, Foxfire Swarm, Rising Flame


You were on level 7 of the Dungeon.
You worshipped Ignis.
Ignis was pleased with you.
You visited 1 branch of the dungeon, and saw 7 of its levels.

You collected 370 gold pieces.
You spent 247 gold pieces at shops.


Innate Abilities, Weirdness & Mutations

You are too large for most types of armour.
You have claws for hands.
Your natural rate of healing is unusually fast.
You are covered in fur. (AC +1)
You have tough skin. (AC +1)
Your flesh is heat resistant. (rF+)
You are weak. (Str -2)


   Skills:
 + Level 4.2 Fighting
 - Level 1.4 Throwing
 - Level 1.0 Dodging
 - Level 12.1 Unarmed Combat
 - Level 1.0 Spellcasting
 - Level 2.1 Fire Magic


You had 10 spell levels left.
You didn't know any spells.
Your spell library contained the following spells:

 Spells                   Type           Power      Damage    Failure   Level
 Scorch                   Fire           8%         2d5       22%         2

Inventory:

Missiles
 f - 5 boomerangs (quivered)
Armour
 e - a scarf of resistance (worn)
 m - a +2 robe of willpower (worn)
Jewellery
 b - a ring of protection from cold (left claw)
 d - an amulet of guardian spirit (around neck)
Scrolls
 i - 3 scrolls of enchant armour
Potions
 c - 2 potions of resistance
 g - a potion of degeneration {unknown}
 h - a potion of cancellation {unknown}
 j - a potion of might {unknown}
 k - a potion of curing {unknown}

Dungeon Overview and Level Annotations

Branches:
Dungeon (7/15)             Temple (0/1) D:5

Altars:
Fedhas
Kikubaaqudgha
Ru
Wu Jian
The Shining One

Shops:
D:2 (   D:4 [

Annotations:
D:6 3 runed translucent doors, qw's ghost, novice TrCA


Message History

The killer bee completely misses you.
You scratch the orc warrior.
The orc warrior is moderately wounded.
The killer bee stings you but does no damage.
The killer bee is burned by your cloak of flames.
The killer bee is moderately wounded.
The orc priest looks braver for a moment.
Something hits you but does no damage.
The killer bee stings you but does no damage.
The killer bee is burned by your cloak of flames.
The killer bee is heavily wounded.
You mangle the killer bee!!
You kill the killer bee!
Something hits you.
You are poisoned.
The orc warrior hits you with a +0 trident!
You scratch the orc warrior but do no damage.
You claw the orc warrior!!
The orc warrior is almost dead.
You feel very sick.
The orc priest miscasts a cantrip.
You hear some strange, mumbled words.
Something tries to affect you, but you resist.
The orc priest calls upon Beogh to heal the orc warrior.
The orc warrior is healed somewhat.
The orc warrior closely misses you. The sky beast hits you.
The sky beast shocks you.
The sky beast is burned by your cloak of flames.
The sky beast is lightly wounded.
You scratch the orc warrior.
You claw the orc warrior, but do no damage.
The orc warrior is almost dead.
Your surroundings suddenly seem different.
A howler monkey comes into view.
Found a potion of attraction, a war axe and a pair of gloves.
You feel sick.
The howler monkey howls!
You hear a shout!
Enter note: An ufetubus comes into view.
Found 36 gold pieces.
Found a stone staircase leading down.
You die...

#.... ... ##...
### ... ###
..### ...
#...#...
#...#.##
...####.#....##.
.!......#...>..#
. ....###.@..#
.. # #..#..~~~.
... ..~.. ~~~..
o.. .5.~~~~~
)... ##~~~...h.
... #...##..[.
.. ###. ..... $
$. ##....


You could see a howler monkey and an ufetubus (wandering).

Vanquished Creatures
  An unseen horror (D:7)
  Prince Ribbit (D:7)
  Duvessa (D:6)
  An ice beast (D:6)
  2 black bears (D:6)
  A centaur (D:5)
  2 bullfrogs
  A necrophage (D:5)
  A gnoll sergeant (D:5)
  A scorpion (D:5)
  5 wights (D:6)
  Dowan (D:6)
  3 killer bees (D:7)
  A howler monkey (D:5)
  2 hounds (D:6)
  2 gnoll boudas
  3 orc priests
  6 iguanas
  6 orc wizards
  15 gnolls
  11 adders
  3 white imps
  2 ufetubi
  7 worms
  3 dart slugs
  26 orcs
  11 ball pythons
  11 endoplasms
  A giant cockroach (D:3)
  4 goblins
  11 hobgoblins
  5 jackals
  6 quokkas
  8 bats
  7 frilled lizards
  10 kobolds
  9 rats
191 creatures vanquished.

Notes
Turn   | Place    | Note
-------+----------+-------------------------------------------
     0 | D:1      | qw the Troll Cinder Acolyte began the quest for the Orb.
     0 | D:1      | Reached XP level 1. HP: 22/22 MP: 1/1
     0 | D:1      | 0 ||| qw: Version: 0.1-a-97-g2dd2ca4
     0 | D:1      | 0 ||| qw: Game counter: 4566
     0 | D:1      | 0 ||| qw: Always use a shield: true
     0 | D:1      | 0 ||| qw: God list: Okawaru
     0 | D:1      | 0 ||| qw: Allow faded altars: false
     0 | D:1      | 0 ||| qw: Do Orc after D:15 true
     0 | D:1      | 0 ||| qw: Do second Lair branch before Depths: true
     0 | D:1      | 0 ||| qw: Lair rune preference: random
     0 | D:1      | 0 ||| qw: Plans: Normal
     0 | D:1      | 0 ||| PLANNING D:1-11
    32 | D:1      | Reached XP level 2. HP: 29/29 MP: 2/2
    37 | D:1      | 37 ||| Stepping ~*~*~tactically~*~*~ (stealth).
    42 | D:1      | 42 ||| Stepping ~*~*~tactically~*~*~ (stealth).
    80 | D:1      | 80 ||| Stepping ~*~*~tactically~*~*~ (stealth).
    97 | D:1      | 97 ||| Stepping ~*~*~tactically~*~*~ (stealth).
   100 | D:1      | 100 ||| Stepping ~*~*~tactically~*~*~ (stealth).
   108 | D:1      | 108 ||| Stepping ~*~*~tactically~*~*~ (stealth).
   109 | D:1      | 109 ||| Stepping ~*~*~tactically~*~*~ (stealth).
   160 | D:1      | Reached skill level 4 in Unarmed Combat
   275 | D:1      | Reached XP level 3. HP: 36/36 MP: 3/3
   424 | D:1      | 424 ||| Stepping ~*~*~tactically~*~*~ (stealth).
   549 | D:1      | 549 ||| UPGRADING to ring of protection from cold.
   550 | D:1      | 550 ||| READING scroll labelled POL ZOEHUTYEB.
   551 | D:1      | 551 ||| READING scroll labelled KOBOUS YTSAAR.
   552 | D:1      | 552 ||| READING scroll labelled QEABOM DYSIORR.
   553 | D:1      | 553 ||| READING scroll labelled ICENANG PAROTS.
   554 | D:1      | 554 ||| DRINKING 2 coppery potions.
   555 | D:1      | 555 ||| DROPPING potion of magic.
   719 | D:2      | 719 ||| Stepping ~*~*~tactically~*~*~ (stealth).
   742 | D:2      | Reached XP level 4. HP: 43/44 MP: 4/4
   769 | D:2      | Reached skill level 5 in Unarmed Combat
   820 | D:2      | 820 ||| Stepping ~*~*~tactically~*~*~ (stealth).
   898 | D:2      | 898 ||| Stepping ~*~*~tactically~*~*~ (stealth).
  1059 | D:2      | Found Goxzaiss's Antique Weapon Shoppe.
  1275 | D:2      | 1275 ||| UPGRADING to scarf of resistance.
  1280 | D:2      | 1280 ||| UPGRADING to amulet of guardian spirit.
  1285 | D:2      | 1285 ||| DRINKING 2 fizzy clear potions.
  1285 | D:2      | Gained mutation: You occasionally shout uncontrollably at
                  | your foes. [potion of mutation]
  1285 | D:2      | Gained mutation: You are weak. (Str -2) [potion of
                  | mutation]
  1285 | D:2      | Gained mutation: You occasionally lose the ability to drink
                  | potions when taking damage. [potion of mutation]
  1286 | D:2      | 1286 ||| DRINKING potion of mutation.
  1286 | D:2      | Lost mutation: You occasionally shout uncontrollably at
                  | your foes. [potion of mutation]
  1286 | D:2      | Lost mutation: You occasionally lose the ability to drink
                  | potions when taking damage. [potion of mutation]
  1286 | D:2      | Gained mutation: Your body sometimes deteriorates upon
                  | taking damage. [potion of mutation]
  1286 | D:2      | Lost mutation: Your body sometimes deteriorates upon taking
                  | damage. [potion of mutation]
  1286 | D:2      | Gained mutation: Your flesh is heat resistant. (rF+)
                  | [potion of mutation]
  1362 | D:3      | 1362 ||| Stepping ~*~*~tactically~*~*~ (stealth).
  1364 | D:3      | 1364 ||| Stepping ~*~*~tactically~*~*~ (hiding).
  1608 | D:3      | 1608 ||| Stepping ~*~*~tactically~*~*~ (stealth).
  1629 | D:3      | Reached XP level 5. HP: 50/50 MP: 5/5
  1788 | D:3      | 1788 ||| Stepping ~*~*~tactically~*~*~ (stealth).
  1789 | D:3      | 1789 ||| Stepping ~*~*~tactically~*~*~ (hiding).
  1790 | D:3      | 1790 ||| Stepping ~*~*~tactically~*~*~ (hiding).
  1796 | D:3      | 1796 ||| INVOKING Fiery Armour.
  1799 | D:3      | Reached skill level 6 in Unarmed Combat
  1805 | D:3      | 1805 ||| FLEEEEING.
  1806 | D:3      | 1806 ||| FLEEEEING.
  1807 | D:3      | 1807 ||| FLEEEEING.
  1808 | D:3      | 1808 ||| FLEEEEING.
  2038 | D:3      | Found an ancient bone altar of Kikubaaqudgha.
  2051 | D:3      | Found an ornate altar of the Wu Jian Council.
  2146 | D:3      | 2146 ||| READING scroll labelled TAPHIPHUOD.
  2247 | D:3      | 2247 ||| READING scroll labelled BAYTOO OLY GOY.
  2248 | D:3      | 2248 ||| READING scroll labelled RAUCOC ERIARI.
  2249 | D:3      | 2249 ||| DRINKING 4 dark potions.
  2250 | D:3      | 2250 ||| DRINKING 2 yellow potions.
  2251 | D:3      | 2251 ||| DROPPING 3 potions of invisibility.
  2252 | D:3      | 2252 ||| DROPPING potion of brilliance.
  2290 | D:4      | 2290 ||| Stepping ~*~*~tactically~*~*~ (stealth).
  2295 | D:4      | 2295 ||| Stepping ~*~*~tactically~*~*~ (stealth).
  2302 | D:4      | 2302 ||| Stepping ~*~*~tactically~*~*~ (outnumbered).
  2303 | D:4      | 2303 ||| Stepping ~*~*~tactically~*~*~ (outnumbered).
  2332 | D:4      | 2332 ||| Stepping ~*~*~tactically~*~*~ (stealth).
  2334 | D:4      | 2334 ||| Stepping ~*~*~tactically~*~*~ (stealth).
  2349 | D:4      | 2349 ||| Stepping ~*~*~tactically~*~*~ (stealth).
  2407 | D:4      | 2407 ||| Stepping ~*~*~tactically~*~*~ (hiding).
  2411 | D:4      | 2411 ||| INVOKING Fiery Armour.
  2413 | D:4      | 2413 ||| Stepping ~*~*~tactically~*~*~ (hiding).
  2422 | D:4      | Reached XP level 6. HP: 59/59 MP: 6/6
  2427 | D:4      | Reached skill level 7 in Unarmed Combat
  2458 | D:4      | 2458 ||| FLEEEEING.
  2461 | D:4      | 2461 ||| FLEEEEING.
  2462 | D:4      | 2462 ||| FLEEEEING.
  2463 | D:4      | 2463 ||| FLEEEEING.
  2464 | D:4      | 2464 ||| FLEEEEING.
  2465 | D:4      | 2465 ||| FLEEEEING.
  2470 | D:4      | 2470 ||| FLEEEEING.
  2471 | D:4      | 2471 ||| FLEEEEING.
  2523 | D:4      | 2523 ||| Stepping ~*~*~tactically~*~*~ (stealth).
  2544 | D:4      | 2544 ||| Stepping ~*~*~tactically~*~*~ (hiding).
  2605 | D:4      | 2605 ||| Stepping ~*~*~tactically~*~*~ (stealth).
  2626 | D:4      | 2626 ||| Stepping ~*~*~tactically~*~*~ (hiding).
  2627 | D:4      | 2627 ||| Stepping ~*~*~tactically~*~*~ (hiding).
  2628 | D:4      | 2628 ||| Stepping ~*~*~tactically~*~*~ (hiding).
  2736 | D:4      | 2736 ||| Stepping ~*~*~tactically~*~*~ (stealth).
  2958 | D:4      | Found Imeustuq's Armour Emporium.
  2986 | D:4      | 2986 ||| BUYING +2 robe of willpower (247 gold).
  2986 | D:4      | Bought a +2 robe of willpower for 247 gold pieces
  3192 | D:4      | 3192 ||| UPGRADING to +2 robe of willpower.
  3202 | D:4      | 3202 ||| DROPPING +0 robe.
  3203 | D:4      | 3203 ||| READING scroll labelled BOSMYF ZOBEFIZ.
  3207 | D:4      | 3207 ||| READING scroll labelled XAC VEABEDD.
  3208 | D:4      | 3208 ||| DRINKING 2 bubbling ruby potions.
  3209 | D:4      | 3209 ||| DROPPING potion of attraction.
  3210 | D:4      | 3210 ||| Stepping randomly (stuck).
  3211 | D:4      | 3211 ||| Stepping ~*~*~tactically~*~*~ (cloud).
  3246 | D:5      | Entered Level 5 of the Dungeon
  3295 | D:5      | 3295 ||| Stepping ~*~*~tactically~*~*~ (outnumbered).
  3328 | D:5      | Reached skill level 8 in Unarmed Combat
  3374 | D:5      | Identified the +6 rapier of Bedazzled Expedience {drain,
                  | rPois Dex+4 Stlth-}
  3377 | D:5      | 3377 ||| Stepping ~*~*~tactically~*~*~ (hiding).
  3381 | D:5      | 3381 ||| INVOKING Fiery Armour.
  3383 | D:5      | Reached XP level 7. HP: 64/66 MP: 5/7
  3420 | D:5      | Reached skill level 3 in Fighting
  3450 | D:5      | 3450 ||| Stepping ~*~*~tactically~*~*~ (hiding).
  3540 | D:5      | 3540 ||| INVOKING Fiery Armour.
  3774 | D:5      | Reached skill level 9 in Unarmed Combat
  3788 | D:5      | Reached skill level 1 in Dodging
  3809 | D:5      | Found a sacrificial altar of Ru.
  3812 | D:5      | 3812 ||| Stepping ~*~*~tactically~*~*~ (stealth).
  3817 | D:5      | 3817 ||| Stepping ~*~*~tactically~*~*~ (stealth).
  4049 | D:5      | Found a staircase to the Ecumenical Temple.
  4088 | D:5      | Reached XP level 8. HP: 75/75 MP: 8/8
  4091 | D:5      | Reached skill level 1 in Throwing
  4091 | D:5      | 4091 ||| INVOKING Fiery Armour.
  4149 | D:5      | 4149 ||| READING scroll labelled FAUCUH TOAGUO.
  4150 | D:5      | 4150 ||| DRINKING 2 puce potions.
  4199 | D:5      | 4199 ||| DROPPING potion of lignification.
  4219 | D:6      | Found a glowing golden altar of the Shining One.
  4221 | D:6      | 4221 ||| Stepping ~*~*~tactically~*~*~ (stealth).
  4239 | D:6      | 4239 ||| INVOKING Fiery Armour.
  4241 | D:6      | Reached skill level 10 in Unarmed Combat
  4379 | D:6      | 4379 ||| Stepping ~*~*~tactically~*~*~ (outnumbered).
  4380 | D:6      | 4380 ||| Stepping ~*~*~tactically~*~*~ (outnumbered).
  4381 | D:6      | 4381 ||| Stepping ~*~*~tactically~*~*~ (outnumbered).
  4383 | D:6      | 4383 ||| Stepping ~*~*~tactically~*~*~ (outnumbered).
  4384 | D:6      | 4384 ||| STAIRDANCE
  4390 | D:6      | 4390 ||| STAIRDANCE
  4434 | D:6      | Found a blossoming altar of Fedhas.
  4455 | D:6      | Noticed Dowan
  4455 | D:6      | Noticed Duvessa
  4456 | D:6      | 4456 ||| INVOKING Fiery Armour.
  4463 | D:6      | Killed Duvessa
  4467 | D:6      | Reached skill level 11 in Unarmed Combat
  4476 | D:6      | 4476 ||| Stepping ~*~*~tactically~*~*~ (outnumbered).
  4477 | D:6      | 4477 ||| Stepping ~*~*~tactically~*~*~ (outnumbered).
  4479 | D:6      | 4479 ||| Stepping ~*~*~tactically~*~*~ (outnumbered).
  4480 | D:6      | 4480 ||| Stepping ~*~*~tactically~*~*~ (outnumbered).
  4493 | D:6      | Killed Dowan
  4494 | D:6      | Reached XP level 9. HP: 47/84 MP: 4/9
  4749 | D:6      | Found a runed translucent gate.
  4749 | D:6      | Found a runed translucent gate.
  4749 | D:6      | Noticed qw's ghost (novice TrCA)
  4750 | D:6      | Found a runed translucent gate.
  4750 | D:6      | Noticed a kobold demonologist
  5018 | D:6      | 5018 ||| DRINKING 2 lumpy brown potions.
  5054 | D:7      | 5054 ||| INVOKING Fiery Armour.
  5055 | D:7      | Noticed Prince Ribbit
  5058 | D:7      | 5058 ||| Stepping ~*~*~tactically~*~*~ (outnumbered).
  5060 | D:7      | 5060 ||| Stepping ~*~*~tactically~*~*~ (outnumbered).
  5061 | D:7      | Killed an unseen horror
  5062 | D:7      | Killed Prince Ribbit
  5062 | D:7      | HP: 15/84 [orc priest/divine providence (11)]
  5063 | D:7      | Reached skill level 12 in Unarmed Combat
  5063 | D:7      | 5063 ||| READING scroll of teleportation.
  5064 | D:7      | 5064 ||| DRINKING potion of heal wounds.
  5067 | D:7      | HP: 9/84 [poisoned by an orc wizard]
  5067 | D:7      | HP: 2/84 [sky beast (6)]
  5069 | D:7      | Succumbed to an orc wizard's poison

Levels and vault maps discovered:
D:1:      psy_arrival_statuary, layout_rooms
D:2:      cheibrodos_old_hovel, layout_basic, serial_shops, shop, minmay_cut_off
D:3:      layout_loops_ring, nicolae_overflow_squiral
D:4:      dreamdust_elfheim, layout_basic, serial_shops, nicolae_diamond_shop,
          grunt_decor_cap
D:5:      kb_forest_paths, layout_cave_pools,
          nicolae_ru_great_annihilating_truth, minmay_temple_entry_junction,
          lightli_minifort
D:6:      layout_rooms, mainiacjoe_overflow_concentric_impassable,
          mainiacjoe_overflow_alcove_4, gammafunk_ghost_nasty_kobolds,
          small_statue_intersection, st_stairs_8, uniq_duvessa,
          uniq_crazy_yiuf_cottage
D:7:      layout_rooms, mainiacjoe_overflow_alcove_2,
          nicolae_uskayaw_dance_hall, chei_slow_surprise,
          chequers_serial_rivers_small_a, uniq_prince_ribbit1

Skill      XL: |  1  2  3  4  5  6  7  8  9 |
---------------+----------------------------+-----
Unarmed Combat | 4 5 6 8 9 11 12 | 12.1
Fighting       | 3 4 |  4.2
Dodging        | 1 |  1.0
Throwing       | 1 |  1.4
Spellcasting   | |  1.0
Fire Magic     | |  2.1

Action                   |  1- 3 |  4- 6 |  7- 9 || total
-------------------------+-------+-------+-------++-------
Melee: Unarmed           |   115 |   180 |   175 ||   470
       Punch             |       |     5 |     8 ||    13
Throw: Boomerang         |       |       |    13 ||    13
Invok: Fiery Armour      |       |     3 |     5 ||     8
  Use: Scroll            |     4 |     5 |     2 ||    11
       Potion            |     1 |     5 |     3 ||     9
 Stab: Paralysed         |       |       |     1 ||     1
Armor: Robe              |    31 |    49 |    93 ||   173
Dodge: Dodged            |    58 |    43 |    67 ||   168

Table legend:
 A = Non-vault XP
 B = Vault XP
 C = Vault XP percentage of total XP
 D = Non-vault monster count
 E = Vault monster count
 F = Vault count percentage of total count
                 A         B        C        D         E       F
            +---------+---------+-------+---------+---------+-------
      Total |    2963 |     821 |  21.7 |     170 |      21 |  11.0
            +---------+---------+-------+---------+---------+-------
        D:1 |      63 |       0 |   0.0 |      39 |       0 |   0.0
        D:2 |      53 |       4 |   7.0 |      16 |       2 |  11.1
        D:3 |     188 |       0 |   0.0 |      25 |       0 |   0.0
        D:4 |     278 |       0 |   0.0 |      30 |       0 |   0.0
        D:5 |     671 |     305 |  31.2 |      25 |      15 |  37.5
        D:6 |    1149 |     257 |  18.3 |      29 |       3 |   9.4
        D:7 |     561 |     255 |  31.2 |       6 |       1 |  14.3
            +---------+---------+-------+---------+---------+-------
